 Dungeon Crawl Stone Soup version 0.28-a0-1510-gd0f6b136d3 (webtiles) character file.

Game seed: 13577819132613289965

74 dolemite99 the Chopper (level 4, 0/35 HPs)
             Began as a Demonspawn Fighter on Jan 15, 2022.
             Was a Believer of Lugonu.
             Slain by an iguana (7 damage)
             ... on level 2 of the Dungeon.
             The game lasted 00:01:42 (2068 turns).

dolemite99 the Chopper (Demonspawn Fighter)         Turns: 2068, Time: 00:01:43

Health: 0/35       AC:  6    Str: 17 (19) XL:     4   Next: 9%
Magic:  4/4        EV:  8    Int:  6 (9)  God:    Lugonu [**....]
Gold:   68         SH:  4    Dex: 11 (12) Spells: 3/3 levels left

rFire   . . .      SeeInvis +   a - +1 war axe
rCold   . . .      Faith    .   c - +0 buckler
rNeg    . . .      Spirit   .   b - +0 scale mail
rPois   .          Reflect  .   (helmet restricted)
rElec   .          Harm     .   (no cloak)
rCorr   .          Rampage  .   (no gloves)
Will    .....                   (no boots)
Stlth   ..........              (no amulet)
HPRegen 0.11/turn               l - ring of see invisible
MPRegen 0.09/turn               (no ring)

@: no status effects
A: antennae 1
a: Renounce Religion, Depart the Abyss, Bend Space


You were on level 2 of the Dungeon.
You worshipped Lugonu.
Lugonu was pleased with you.
You visited 1 branch of the dungeon, and saw 2 of its levels.

You collected 68 gold pieces.

Inventory:

Hand Weapons
 a - a +1 war axe (weapon)
Missiles
 e - 13 arrows
 h - 46 stones (quivered)
 j - 19 bolts
 k - 17 sling bullets
Armour
 b - a +0 scale mail (worn)
 c - a +0 buckler (worn)
Magical Staves
 g - a staff of cold
Jewellery
 l - a ring of see invisible (left hand)
Scrolls
 i - 3 scrolls of identify {unknown}
 m - a scroll of fog {unknown}
 n - a scroll of teleportation {unknown}
Potions
 d - 2 potions of curing {unknown}


   Skills:
 - Level 3.0 Fighting
 + Level 4.0 Axes
 - Level 2.6 Armour
 - Level 2.6 Shields


You had 3 spell levels left.
You didn't know any spells.
Your spell library was empty.

Dungeon Overview and Level Annotations

Branches:
Dungeon (2/15)

Altars:
Xom
Lugonu


Innate Abilities, Weirdness & Mutations

You have a pair of small antennae on your head.


Message History

An endoplasm is nearby!
An endoplasm is nearby!
An endoplasm is nearby!
You throw a stone.
The stone hits the endoplasm but does no damage.
You throw a stone. The stone barely misses the endoplasm.
You hit the endoplasm.
The endoplasm is almost dead.
The endoplasm completely misses you.
You hit the endoplasm.
You kill the endoplasm!
Lugonu accepts your kill.
No target in view!
No target in view!
An iguana comes into view.
Found a fizzy blue potion.
The iguana hisses angrily.
You see here a stone.
An iguana is nearby!
h - 46 stones (gained 1)
You hit the iguana but do no damage.
The iguana bites you but does no damage.
You hit the iguana but do no damage.
The iguana bites you but does no damage.
The iguana bites you!
You closely miss the iguana. The iguana bites you.
You slash the iguana!
The iguana is heavily wounded.
The iguana bites you!
* * * LOW HITPOINT WARNING * * *
The iguana bites you.
* * * LOW HITPOINT WARNING * * *
You barely miss the iguana.
The iguana is heavily wounded.
The iguana bites you but does no damage.
It was a potion of degeneration.
There was something very wrong with that liquid.
You feel weakened.
You feel dopey.
You feel clumsy. The iguana bites you!
You die...

..####### ≈........ ..
..^.... ≈......# ..
....... ≈......########.
!...... ................
....... #########..
..#.#....... .....# #.#
#.#.........
.....####.###.##........
..............##@.#
................l.#
..............###..#
###########<..# #.#
##### ##### ..# ##...##
..# #.....## .# .......#
.# †......#


You could see an iguana.

Vanquished Creatures
  3 gnolls (D:2)
  An adder (D:2)
  2 worms (D:2)
  A dart slug (D:1)
  5 endoplasms
  A giant cockroach (D:1)
  4 goblins
  4 kobolds
  A quokka (D:2)
  2 ball pythons (D:1)
  2 bats (D:1)
  4 frilled lizards
  A rat (D:1)
31 creatures vanquished.

Notes
Turn   | Place    | Note
-------+----------+-------------------------------------------
     0 | D:1      | dolemite99 the Demonspawn Fighter began the quest for the
                  | Orb.
     0 | D:1      | Reached XP level 1. HP: 18/18 MP: 1/1
    50 | D:1      | Reached skill level 2 in Axes
   164 | D:1      | You fall into a shaft and drop 1 floor!
   164 | D:2      | Found a faded altar of an unknown god.
   169 | D:2      | Prayed at the altar of an unknown god.
   169 | D:2      | Became a worshipper of Lugonu the Unformed
   169 | D:2      | Reached * piety under Lugonu
   169 | D:2      | Reached ** piety under Lugonu
   179 | D:2      | Discovered your monstrous ancestry.
   179 | D:2      | Gained mutation: You have a pair of small antennae on your
                  | head. [demonic ancestry]
   179 | D:2      | Reached XP level 2. HP: 24/24 MP: 2/2
   189 | D:2      | Reached skill level 3 in Axes
   195 | D:2      | Reached XP level 3. HP: 9/29 MP: 3/3
   599 | D:2      | Found a shimmering altar of Xom.
  1763 | D:2      | Reached skill level 4 in Axes
  1763 | D:2      | Reached XP level 4. HP: 35/35 MP: 4/4
  2068 | D:2      | Slain by an iguana

Illustrated notes

Levels and vault maps discovered:
D:1:      psy_arrival_basics, layout_rooms
D:2:      kennysheep_six_static_rooms, layout_basic,
          hellmonk_ecumenical_altar_pennies_from_heaven, serial_shops,
          shop_fountains, basic_altar

Skill      XL: |  1  2  3 |
---------------+----------+-----
Axes           | 2 3 4 |  4.0
Fighting       | |  3.0
Armour         | |  2.6
Shields        | |  2.6

Action                   |  1- 3 |  4- 6 || total
-------------------------+-------+-------++-------
Melee: War axe           |    73 |     7 ||    80
Throw: Stone             |     5 |     2 ||     7
  Use: Potion            |     1 |     1 ||     2
       Scroll            |     1 |     1 ||     2
Armor: Scale mail        |    22 |     3 ||    25
Dodge: Dodged            |    31 |     1 ||    32
Block: Buckler           |    19 |       ||    19

Table legend: (Time is in decaauts)
 A = Elapsed time spent in this place.
 B = Non-inter-level travel time spent in this place.
 C = Inter-level travel time spent in this place.
 D = Time resting spent in this place.
 E = Time spent auto-exploring this place.
 F = Levels seen in this place.
 G = Mean time per level.
                   A        B        C        D        E       F      G
               +--------+--------+--------+--------+--------+-----+--------+
         Total |   2102 |   2062 |     40 |    850 |    833 |   2 | 1051.0 |
       Dungeon |   2102 |   2062 |     40 |    850 |    833 |   2 | 1051.0 |
               +--------+--------+--------+--------+--------+-----+--------+

Top non-repeatable levels by time:
     D:2: 1392 daAuts
     D:1: 710 daAuts
